 Dungeon Crawl Stone Soup version 0.21-a0-361-g4efd3f9 (webtiles) character file.

350 Dfrag the Firebug (level 6, -6/41 HPs)
             Began as a Demonspawn Fire Elementalist on Oct 13, 2017.
             Killed from afar by an electric eel (10 damage)
             ... with a bolt of electricity
             ... on level 4 of the Dungeon.
             The game lasted 00:05:03 (3417 turns).

Dfrag the Firebug (Demonspawn Fire Elementalist)    Turns: 3417, Time: 00:05:03

Health: -6/41      AC:  4    Str:  9    XL:     6   Next: 33%
Magic:  7/13       EV: 12    Int: 18    God:
Gold:   213        SH:  0    Dex: 13    Spells: 2/12 levels left

rFire    + . .     SeeInvis .   d - +0 spear (venom)
rCold    . . .     Gourm    .   (no shield)
rNeg     . . .     Faith    .   a - +0 robe
rPois    .         Spirit   .   (no helmet)
rElec    .         Reflect  .   o - +1 cloak {+Inv}
rCorr    .         Harm     .   (no gloves)
MR       .....                  (no boots)
Stlth    ++........             (no amulet)
HPRegen  0.13/turn              (no ring)
MPRegen  0.13/turn              (no ring)

@: no status effects
A: hooves 1, blink, fire resistance 1, high mp 1, powered by death 1, rot
immunity
a: Blink, Evoke Invisibility


You were on level 4 of the Dungeon.
You were very hungry.

You visited 1 branch of the dungeon, and saw 4 of its levels.

You collected 213 gold pieces.

Inventory:

Hand Weapons
 d - a +0 spear of venom (weapon)
Armour
 a - a +0 robe (worn)
 o - a +1 cloak of invisibility (worn)
Wands
 x - a wand of flame (9/48)
Scrolls
 e - a scroll of enchant armour {unknown}
 h - a scroll of immolation {unknown}
 i - 2 scrolls of fear {unknown}
 j - 4 scrolls of amnesia {unknown}
 l - 5 scrolls of teleportation {unknown}
 m - 2 scrolls of remove curse {unknown}
 n - 3 scrolls of identify {unknown}
 u - a scroll of fog {unknown}
 v - a scroll of recharging {unknown}
Potions
 f - a potion of agility
 k - a potion of brilliance
 q - a potion of cancellation
Books
 b - a book of Flames

   Spells                             Type                      Level
   a - Flame Tongue                   Conjuration/Fire             1
   b - Throw Flame                    Conjuration/Fire             2
   c - Conjure Flame                  Conjuration/Fire             3
   d - Inner Flame                    Hexes/Fire                   3
   e - Sticky Flame                   Conjuration/Fire             4
   f - Fireball                       Conjuration/Fire             5
 t - a book of Cantrips

   Spells                             Type                      Level
   a - Confusing Touch                Hexes                        1
   b - Animate Skeleton               Necromancy                   1
   c - Summon Small Mammal            Summoning                    1
   d - Apportation                    Translocation                1
Comestibles
 c - 4 bread rations


   Skills:
 - Level 1.7 Dodging
 - Level 1.7 Stealth
 + Level 3.9 Spellcasting
 + Level 3.7 Conjurations
 + Level 4.3 Fire Magic


You had 2 spell levels left.
You knew the following spells:

 Your Spells              Type           Power        Failure   Level  Hunger
a - Flame Tongue          Conj/Fire      ###..        2%          1    None
b - Conjure Flame         Conj/Fire      ###.....     9%          3    ###....
c - Sticky Flame          Conj/Fire      ###.....     28%         4    ####...
d - Throw Flame           Conj/Fire      ###...       4%          2    ##.....


Dungeon Overview and Level Annotations

Branches:
Dungeon (4/15)
 Temple: D:4-7

Altars:
Dithmenos

Annotations:
D:4 1 transporter


Innate Abilities, Weirdness & Mutations

You have large cloven feet.
You regenerate a little health from kills.
You are immune to rotting.
You can translocate small distances at will.
Your flesh is heat resistant. (rF+)
You have an increased reservoir of magic. (+10% MP)


Message History

The puff of flame hits the electric eel.
The electric eel is moderately wounded.
The electric eel is engulfed in a cloud of scalding steam.
The electric eel shoots out a bolt of lightning at you!
The bolt of electricity hits you! x2
Casting: Throw Flame
Confirm with . or Enter, or press ? or * to list all spells.
Aiming: Throw Flame
Press: ? - help, Shift-Dir - straight line, f/p - electric eel
Aim: an electric eel (heavily wounded)
The puff of flame misses the electric eel.
The electric eel is engulfed in a cloud of scalding steam.
The electric eel shoots out a bolt of lightning at you!
The bolt of electricity hits you! x2
* * * LOW HITPOINT WARNING * * *
Unknown command.
The electric eel is engulfed in a cloud of scalding steam.
The electric eel shoots out a bolt of lightning at you!
The bolt of electricity hits you!
You die...

#.# . ## #.# ###### #. #.
##.###..>..###.####.
#.................#.
#.###############.#.
##.#8P#≈≈≈≈≈≈≈#P8#.#.
##..#..#..P≈≈≈≈#..#...
#..©#©.'.§;♣≈≈≈+)©#©..
#...#@.#..≈§≈≈P#..#...
#.#.#8≈#;;≈≈≈≈;#P8#...
#.#.###############...
#.#%................#.
#.##...##.###########.
#####.(..####.# #####
#......#.####.########....
#......####............###
#>..........#.###########.


You could see 3 electric eels.

Vanquished Creatures
  2 scorpions (D:4)
  An electric eel (D:4)
  Crazy Yiuf (D:3)
  An iguana (D:4)
  4 gnolls (D:2)
  4 adders
  2 worms (D:2)
  A dart slug (D:4)
  6 orcs (D:3)
  3 bats
  3 giant cockroaches
  6 goblins
  11 hobgoblins
  4 jackals (D:2)
  3 quokkas
  2 ball pythons
  7 frilled lizards
  6 kobolds
  7 rats
  A plant (D:4)
75 creatures vanquished.

Notes
Turn   | Place    | Note
-------+----------+-------------------------------------------
     0 | D:1      | Dfrag the Demonspawn Fire Elementalist began the quest for the Orb.
     0 | D:1      | Reached XP level 1. HP: 13/13 MP: 3/3
   196 | D:1      | Gained mutation: You have large cloven feet. [demonic ancestry]
   196 | D:1      | Reached XP level 2. HP: 12/19 MP: 0/5
   293 | D:1      | You fall through a shaft!
   295 | D:2      | Reached skill level 3 in Fire Magic
   363 | D:2      | Reached XP level 3. HP: 16/24 MP: 3/6
   641 | D:2      | HP: 1/24 [jackal (2)]
   911 | D:2      | Gained mutation: You regenerate a little health from kills. [demonic ancestry]
   911 | D:2      | Reached XP level 4. HP: 5/30 MP: 0/8
  1117 | D:2      | Found a shadowy altar of Dithmenos.
  1759 | D:2      | Learned a level 3 spell: Conjure Flame
  1764 | D:2      | Learned a level 4 spell: Sticky Flame
  1950 | D:3      | Found a runed door.
  2009 | D:3      | Noticed Crazy Yiuf
  2030 | D:3      | Killed Crazy Yiuf
  2084 | D:3      | Gained mutation: You are immune to rotting. [demonic ancestry]
  2084 | D:3      | Reached XP level 5. HP: 35/35 MP: 7/9
  2591 | D:4      | Found a transporter.
  2666 | D:4      | Reached skill level 4 in Fire Magic
  2738 | D:4      | Reached XP level 6. HP: 33/41 MP: 6/11
  2884 | D:4      | Found a transporter.
  2900 | D:4      | Gained mutation: You have an increased reservoir of magic. (+10% MP) [potion of mutation]
  2900 | D:4      | Gained mutation: You can translocate small distances at will. [potion of mutation]
  2900 | D:4      | Gained mutation: Your flesh is heat resistant. (rF+) [potion of mutation]
  3412 | D:4      | Learned a level 2 spell: Throw Flame
  3417 | D:4      | Killed from afar by an electric eel

Vault maps used:
D:1:      minmay_arrival_four_loops
D:2:      lemuel_crystal_altar
D:3:      uniq_crazy_yiuf_cottage
D:4:      gammafunk_steamed_eel, minmay_temple_entry_mist, first_bread,
          minmay_goblin_kobold_house

Skill      XL: |  1  2  3  4  5 |
---------------+----------------+-----
Fire Magic     | 3 4 |  4.3
Conjurations   | 2 3 |  3.7
Spellcasting   | 3 |  3.9
Dodging        | |  1.7
Stealth        | |  1.7

Action                   |  1- 3 |  4- 6 || total
-------------------------+-------+-------++-------
Melee: Spear             |    53 |   107 ||   160
       Kick              |     3 |    16 ||    19
 Cast: Flame Tongue      |    44 |    31 ||    75
       Conjure Flame     |       |     3 ||     3
       Sticky Flame      |       |     2 ||     2
       Throw Flame       |       |     3 ||     3
  Use: Potion            |       |     7 ||     7
 Stab: Sleeping          |     1 |     6 ||     7
       Distracted        |       |     1 ||     1
  Eat: Chunk             |       |     8 ||     8
Armor: Robe              |    11 |     9 ||    20
Dodge: Dodged            |    36 |    51 ||    87

Table legend:
 A = Spawn XP
 B = Non-spawn XP
 C = Spawn XP percentage of total XP
 D = Spawn monster count
 E = Non-spawn monster count
 F = Spawn count percentage of total count
 G = Total turns spent on level
                    A         B        C        D         E        F      G
               +---------+---------+-------+---------+---------+-------+---------
         Total |       0 |     500 |   0.0 |       0 |      74 |   0.0 |  3417
               +---------+---------+-------+---------+---------+-------+---------
           D:1 |       0 |      22 |   0.0 |       0 |      14 |   0.0 |   734
           D:2 |       0 |     129 |   0.0 |       0 |      31 |   0.0 |  1201
           D:3 |       0 |      93 |   0.0 |       0 |      20 |   0.0 |   656
           D:4 |       0 |     256 |   0.0 |       0 |       9 |   0.0 |   826
               +---------+---------+-------+---------+---------+-------+---------
